 Dungeon Crawl Stone Soup version 0.31-a0-574-g69dc8cc98e (webtiles) character file.

Game seed: 6771351366274375055

723 ytrimaz the Changeling (level 7, 0/43 HPs)
             Began as an Octopode Shapeshifter on Aug 18, 2023.
             Slain by a gnoll sergeant
             ... wielding a +0 spear
              (10 damage)
             ... on level 4 of the Dungeon.
             The game lasted 00:04:15 (3348 turns).

ytrimaz the Changeling (Octopode Shapeshifter)      Turns: 3348, Time: 00:04:16

Health: 0/43       AC:  1    Str: 15    XL:     7   Next: 71%
Magic:  7/7        EV: 14    Int: 10    God:
Gold:   51         SH:  0    Dex: 14    Spells: 6/6 levels left

rFire   . .          .
                       - Unarmed
rCold   . . .        (no shield)
rNeg    . . .        (helmet currently unavailable)
rPois   .            o - amulet of magic regeneration
rElec   .            (no ring)
rCorr   .            (no ring)
SInv    .            (no ring)
Will    .....        (no ring)
Stlth   ++           (no ring)
HPRegen 0.27/turn    (no ring)
MPRegen 0.50/turn    (no ring)
                     (no ring)

%: no passive effects
@: about to teleport, beast-form
A: beast (slay +3), almost no armour, amphibious, 8 rings, camouflage 1,
gelatinous body 1, (nimble swimmer 1), tentacles
a: Begin Untransformation


You were on level 4 of the Dungeon.
You were a hulking beast.
You visited 1 branch of the dungeon, and saw 4 of its levels.

You collected 101 gold pieces.
You spent 50 gold pieces at shops.


Innate Abilities, Weirdness & Mutations

You are a hulking beast.
Your limbs bulge with bestial killing power. (Slay +3)
You cannot wear most types of armour.
You are amphibious.
You can wear up to eight rings at the same time.
Your skin changes colour to match your surroundings (Stealth+).
Your rubbery body absorbs attacks. (AC +1, EV +1)
((You are camouflaged when in or above water. (Stealth+)))
You have tentacles for arms and can constrict up to eight enemies at once.


   Skills:
 - Level 1.0 Fighting
 + Level 4.4 Dodging
 + Level 5.0 Unarmed Combat
 * Level 5.7 Shapeshifting


You had 6 spell levels left.
You didn't know any spells.
Your spell library was empty.

Inventory:

Jewellery
 o - an amulet of magic regeneration (around mantle)
   (You found it on level 4 of the Dungeon)
Talismans
 b - a beast talisman (active)
 c - a flux talisman
Wands
 d - a wand of flame (2) (quivered)
   (You took it off Terence on level 2 of the Dungeon)
 m - a wand of polymorph (6)
   (You took it off Grinder on level 3 of the Dungeon)
Scrolls
 a - a scroll of torment {unknown}
 l - 2 scrolls of amnesia
 n - a scroll of teleportation
 p - a scroll of brand weapon
Potions
 e - a potion of might
 f - a potion of ambrosia
 g - a potion of resistance {unknown}
 h - a potion of magic
 i - a potion of curing
 j - a potion of mutation {unknown}

Dungeon Overview and Level Annotations

Branches:
Dungeon (4/15) Zot: 20688
 Temple: D:4-7

Altars:
Makhleb
Nemelex Xobeh
Trog
Wu Jian
Xom

Shops:
D:4

* #.)............#
#####..........#
#...........#.#
#.#......)..#.#
#.#.##.....##.#####
....###.#g#........
...### ##..#)..###
#.############.#.###
#.....†hgg.....#.#
#.###########'####
#.^...^.# ###
###._.#######..
#...)...#......
####'########.#
#...........#
###.###..######
##...# #..######


You could see a gnoll sergeant (pursuing) and a gnoll.


Message History

A giant cockroach is nearby!
The giant cockroach misses you. The giant cockroach closely misses you.
Unknown command.
You tentacle-slap the giant cockroach.
You kill the giant cockroach!
Unknown command.
No target in view!
Key pressed, stopping explore.
You open the door.
Found a shimmering altar of Xom. 2 crimson imps come into view.
The crimson imp shouts! x2; You hear a shout! x2
The teleport trap disappears.
The crimson imp disappears!
The teleport trap disappears.
The crimson imp disappears!
The crimson imp enters a dispersal trap!
The crimson imp blinks! x2
You blink.
A crimson imp comes into view.
The crimson imp blinks!
The crimson imp moves out of view. x3
You hear a shout! x2
The crimson imp enters a dispersal trap!
The crimson imp blinks!
You blink.
The crimson imp closely misses you.
You tentacle-slap the crimson imp. Your grab misses the crimson imp.
Your squeeze misses the crimson imp. The crimson imp closely misses you.
You bludgeon the crimson imp! You grab the crimson imp.
You constrict the crimson imp, but do no damage.
You tentacle-slap the crimson imp but do no damage.
You constrict the crimson imp. The crimson imp hits you. 😕 HP[-3]
You take 3 damage, and now have 40/43 hp.
Unknown command.
You tentacle-slap the crimson imp. x2; You constrict the crimson imp.
You kill the crimson imp!
Your Unarmed Combat skill increases to level 5!
There is an open door here.
You tentacle-slap the crimson imp. You grab the crimson imp.
You constrict the crimson imp.
The crimson imp hits you with a +2 dagger of chaos.
The crimson imp burns you. 😮 HP[-8]
You take 8 damage, and now have 32/43 hp.
Unknown command.
You are too injured to fight recklessly!
You bludgeon the crimson imp!
You kill the crimson imp! 😕 HP[+1] No target in view!
A gnoll comes into view. It is wielding a +0 club.
You see here a +2 dagger of chaos.
Unknown command.
The gnoll shouts!
There is a shimmering altar of Xom here.
Unknown command.
Press < or > to pray at altars.
A gnoll comes into view. It is wielding a +0 halberd. 😕 HP[+1]
A gnoll sergeant comes into view. It is wielding a +0 spear.
There is an open door here.
You tentacle-slap the gnoll. You grab the gnoll. You constrict the gnoll.
The gnoll hits you with a +0 club. 😮 HP[-6]
You take 6 damage, and now have 28/43 hp.
You are too injured to fight recklessly!
Unknown command.
You are too injured to fight recklessly!
You barely miss the gnoll. You squeeze the gnoll. You constrict the gnoll.
The gnoll misses you.
You are too injured to fight recklessly!
Unknown command.
You release your grip on the gnoll.
The gnoll hits you with a +0 club. 😮 HP[-3]
You take 3 damage, and now have 25/43 hp.
The gnoll sergeant puts on a burst of speed as it pursues you! 😮 HP[+1]
The gnoll puts on a burst of speed as it pursues you!
You bludgeon the hobgoblin!
You kill the hobgoblin! 😮 HP[+1]
The gnoll completely misses you. The gnoll sergeant barely misses you.
You see here a hobgoblin corpse.
You tentacle-slap the gnoll.
You kill the gnoll!
The gnoll sergeant closely misses you. The gnoll misses you.
The gnoll sergeant hits you with a +0 spear!
* * * LOW HITPOINT WARNING * * *
Things that are here:
a +0 club; a gnoll corpse; 😨 HP[-13]
You take 13 damage, and now have 14/43 hp.
MASSIVE DAMAGE!! (PAUSE)
Okay, then.
Unknown command.
As you read the scroll of teleportation, it crumbles to dust.
You feel strangely unstable.
The gnoll hits you from afar with a +0 halberd.
* * * LOW HITPOINT WARNING * * *
The gnoll sergeant hits you with a +0 spear!
You die...

Skill      XL: |  1  2  3  4  5  6  7 |
---------------+----------------------+-----
Shapeshifting  | 4 5 |  5.7
Dodging        | 3 4 |  4.4
Unarmed Combat | 4 5 |  5.0
Fighting       | |  1.0

Action                     |  1- 3 |  4- 6 |  7- 9 || total
---------------------------+-------+-------+-------++-------
  Melee: Unarmed           |    54 |    95 |    43 ||   192
         Constrict         |    15 |    20 |     7 ||    42
         Tentacles         |     9 |    20 |     7 ||    36
         Punch             |     4 |     3 |     3 ||    10
  Evoke: Wand              |       |     2 |       ||     2
    Use: Scroll            |     1 |     3 |     4 ||     8
         Potion            |     3 |       |     4 ||     7
   Stab: Sleeping          |     7 |     6 |       ||    13
 Armour: Skin              |     6 |     3 |     4 ||    13
  Dodge: Dodged            |    40 |    44 |    24 ||   108

Levels and vault maps discovered:
D:1:      mrwooster_arrival_statue, layout_basic
D:2:      layout_rooms, basic_altar, serial_rivers,
          chequers_serial_rivers_small_a, chequers_serial_rivers_room_a,
          chequers_serial_rivers_small_b, chequers_serial_rivers_small_b,
          chequers_serial_rivers_micro_b, chequers_serial_rivers_large_a,
          roderic_cross_of_infinity, uniq_terence
D:3:      layout_basic, nicolae_overflow_crystal_walls,
          trog_three_pillars_becter, nicolae_wu_jian_glorious_leap,
          shapermc_ecumenical_altar_flowoftime, feat_on_display, uniq_jessica,
          uniq_grinder
D:4:      kennysheep_kobold_camp, layout_loops_ring, led_xom_imps, serial_shops,
          shop, nicolae_grassy_gnolls, uniq_sigmund

Notes
Turn   | Place    | Note
-------+----------+-------------------------------------------
     0 | D:1      | ytrimaz the Octopode Shapeshifter began the quest for the
                  | Orb.
     0 | D:1      | Reached XP level 1. HP: 13/13 MP: 1/1
     0 | D:1      | magus.rc [v1.9.6]
   231 | D:1      | Reached XP level 2. HP: 16/18 MP: 2/2
  1160 | D:2      | Reached XP level 3. HP: 23/23 MP: 3/3
  1274 | D:2      | HP: 2/23 [gnoll/+0 spear (4)]
  1278 | D:2      | Reached XP level 4. HP: 16/28 MP: 4/4
  1340 | D:2      | Noticed Terence
  1349 | D:2      | Killed Terence
  1497 | D:2      | Reached skill level 4 in Shapeshifting
  1498 | D:2      | Found a burning altar of Makhleb.
  1827 | D:3      | Noticed Jessica
  1828 | D:3      | Found a sparkling altar of Nemelex Xobeh.
  1834 | D:3      | Killed Jessica
  1835 | D:3      | Reached skill level 3 in Dodging
  1835 | D:3      | Reached XP level 5. HP: 33/33 MP: 5/5
  1931 | D:3      | Found a faded altar of an unknown god.
  1956 | D:3      | Found an ornate altar of the Wu Jian Council.
  2084 | D:3      | Noticed Grinder
  2158 | D:3      | Found a bloodstained altar of Trog.
  2349 | D:3      | Paralysed by Grinder for 3 turns
  2389 | D:3      | Paralysed by Grinder for 3 turns
  2395 | D:3      | Killed Grinder
  2396 | D:3      | Reached skill level 4 in Unarmed Combat
  2396 | D:3      | Reached XP level 6. HP: 20/38 MP: 6/6
  2708 | D:4      | Reached skill level 5 in Shapeshifting
  2835 | D:4      | Reached XP level 7. HP: 33/43 MP: 7/7
  2839 | D:4      | HP: 9/43 [something (2)]
  2840 | D:4      | HP: 4/43 [something/magic dart (5)]
  2845 | D:4      | Reached skill level 4 in Dodging
  3158 | D:4      | Found Kilohum's General Store.
  3161 | D:4      | Noticed Sigmund
  3178 | D:4      | Killed Sigmund
  3214 | D:4      | Bought a scroll of teleportation for 30 gold pieces
  3214 | D:4      | Bought a scroll of identify for 20 gold pieces
  3319 | D:4      | Found a shimmering altar of Xom.
  3327 | D:4      | Reached skill level 5 in Unarmed Combat
  3348 | D:4      | HP: 10/43 [gnoll/+0 halberd[a gnoll sergeant] (4)]
  3348 | D:4      | Slain by a gnoll sergeant

Vanquished Creatures
  Grinder (D:3)
  Sigmund (D:4)
  2 crimson imps (D:4)
  An orc priest (D:4)
  Jessica (D:3)
  Terence (D:2)
  2 orc wizards (D:4)
  4 gnolls
  3 adders
  A worm (D:2)
  3 dart slugs
  16 orcs
  2 endoplasms (D:1)
  4 giant cockroaches
  5 goblins
  7 hobgoblins
  2 jackals (D:2)
  2 quokkas (D:4)
  7 ball pythons
  4 bats
  6 frilled lizards
  13 kobolds
  2 rats (D:1)
90 creatures vanquished.

Table legend:
 A = Non-vault XP
 B = Vault XP
 C = Vault XP percentage of total XP
 D = Non-vault monster count
 E = Vault monster count
 F = Vault count percentage of total count
                 A         B        C        D         E       F
            +---------+---------+-------+---------+---------+-------
      Total |     334 |     699 |  67.7 |      80 |      10 |  11.1
            +---------+---------+-------+---------+---------+-------
        D:1 |      29 |       0 |   0.0 |      22 |       0 |   0.0
        D:2 |      87 |      36 |  29.3 |      22 |       1 |   4.3
        D:3 |      46 |     327 |  87.7 |      11 |       2 |  15.4
        D:4 |     172 |     336 |  66.1 |      25 |       7 |  21.9
            +---------+---------+-------+---------+---------+-------

Skill      XL: |  1  2  3  4  5  6  7 |
---------------+----------------------+-----
Shapeshifting  | 4 5 |  5.7
Dodging        | 3 4 |  4.4
Unarmed Combat | 4 5 |  5.0
Fighting       | |  1.0

Action                     |  1- 3 |  4- 6 |  7- 9 || total
---------------------------+-------+-------+-------++-------
  Melee: Unarmed           |    54 |    95 |    43 ||   192
         Constrict         |    15 |    20 |     7 ||    42
         Tentacles         |     9 |    20 |     7 ||    36
         Punch             |     4 |     3 |     3 ||    10
  Evoke: Wand              |       |     2 |       ||     2
    Use: Scroll            |     1 |     3 |     4 ||     8
         Potion            |     3 |       |     4 ||     7
   Stab: Sleeping          |     7 |     6 |       ||    13
 Armour: Skin              |     6 |     3 |     4 ||    13
  Dodge: Dodged            |    40 |    44 |    24 ||   108

Illustrated notes

Table legend:
 A = Kills in this place as a percentage of kills in the entire game.
 B = Kills by you in this place as a percentage of kills by you in the entire game.
 C = Kills by friends in this place as a percentage of kills by friends in the entire game.
 D = Other kills in this place as a percentage of other kills in the entire game.
 E = Experience gained in this place as a percentage of experience gained in the entire game.
 F = Experience gained in this place divided by the number of levels of this place that you have seen.
                   A       B       C       D       E      F
               +-------+-------+-------+-------+-------+----------------------
         Total | 100.0 | 100.0 |   N/A |   N/A | 100.0 | 258.2
       Dungeon | 100.0 | 100.0 |   N/A |   N/A | 100.0 | 258.2
               +-------+-------+-------+-------+-------+----------------------

Table legend: (Time is in decaauts)
 A = Elapsed time spent in this place.
 B = Non-inter-level travel time spent in this place.
 C = Inter-level travel time spent in this place.
 D = Time resting spent in this place.
 E = Time spent auto-exploring this place.
 F = Levels seen in this place.
 G = Mean time per level.
                   A        B        C        D        E       F      G
               +--------+--------+--------+--------+--------+-----+--------+
         Total |   3310 |   3262 |     48 |      0 |   2601 |   4 |  827.5 |
       Dungeon |   3310 |   3262 |     48 |      0 |   2601 |   4 |  827.5 |
               +--------+--------+--------+--------+--------+-----+--------+

Top non-repeatable levels by time:
     D:1: 1067 daAuts
     D:3: 764 daAuts
     D:2: 755 daAuts
     D:4: 723 daAuts
